 Dungeon Crawl Stone Soup version 0.29-a0-1047-g7c58e119a4 (webtiles) character file.

Game seed: 9838950650434246017

105 siradein the Trooper (level 4, -5/42 HPs)
             Began as a Hill Orc Monk on Aug 16, 2022.
             Splashed by a jelly's acid (7 damage)
             ... on level 3 of the Dungeon.
             The game lasted 00:04:30 (2672 turns).

siradein the Trooper (Hill Orc Monk)                Turns: 2672, Time: 00:04:32

Health: -5/42      AC:  0    Str: 15    XL:     4   Next: 83%
Magic:  4/4        EV:  5    Int: 10    God:
Gold:   84         SH: 10    Dex: 13    Spells: 3/3 levels left

rFire   . . .      SeeInvis +   a - +0 spear
rCold   . . .      Faith    .   f - +0 tower shield
rNeg    . . .      Spirit   .   r - +0 scale mail
rPois   .          Reflect  .   s - +0 helmet
rElec   .          Harm     .   (no cloak)
rCorr   .          Rampage  .   (no gloves)
Will    .....                   (no boots)
Stlth   ..........              (no amulet)
HPRegen 0.14/turn               m - +4 ring of protection
MPRegen 0.09/turn               k - ring of see invisible

@: corroded
A: no striking features
a: no special abilities


You were on level 3 of the Dungeon.
You visited 1 branch of the dungeon, and saw 3 of its levels.

You collected 139 gold pieces.
You spent 55 gold pieces at shops.

Inventory:

Hand Weapons
 a - a +0 spear (weapon)
Missiles
 q - a throwing net (quivered)
Armour
 f - a +0 tower shield (worn)
 r - a +0 scale mail (worn)
 s - a +0 helmet (worn)
Jewellery
 j - a +6 ring of intelligence
 k - a ring of see invisible (right hand)
 m - a +4 ring of protection (left hand)
Scrolls
 d - a scroll of noise {unknown}
 g - 4 scrolls of teleportation
 h - a scroll of enchant armour {unknown}
 l - a scroll of fog {unknown}
 n - a scroll of poison {unknown}
 o - a scroll of magic mapping {unknown}
Potions
 b - a potion of invisibility
 c - a potion of ambrosia
 e - a potion of cancellation
 i - a potion of brilliance {unknown}
 p - a potion of mutation {unknown}


   Skills:
 + Level 5.1 Fighting
 + Level 4.6 Polearms
 + Level 0.7 Armour
 - Level 2.4 Dodging
 - Level 1.5 Stealth
 + Level 0.6 Shields


You had 3 spell levels left.
You didn't know any spells.
Your spell library contained the following spells:

 Spells                   Type           Power      Damage    Failure   Level
 Gell's Gravitas          Tloc           0%         N/A       100%        3
 Lesser Beckoning         Tloc           0%         N/A       100%        3
 Mephitic Cloud           Conj/Pois/Air  0%         N/A       100%        3
 Teleport Other           Tloc           0%         N/A       100%        3
 Corpse Rot               Necr/Pois/Air  0%         N/A       100%        4
 Ice Form                 Ice/Tmut       0%         N/A       100%        4


Dungeon Overview and Level Annotations

Branches:
Dungeon (3/15)

Altars:
Qazlal

Shops:
D:3 *


Message History

There is an open door here.
There is an entrance to Wieneenk's General Store here.
There is an open door here.
l - a scroll labelled MEAMALLE MISCH You see here a +0 short sword.
You see here a +0 spear.
Found a stone staircase leading up.
Found 5 javelins.
Found a stormy altar of Qazlal.
A jelly comes into view.
The jelly quivers.
Found 13 gold pieces.
You hit the jelly.
Your hands burn!
The jelly is lightly wounded.
The jelly hits you.
You are splashed with acid.
The jelly hits you but does no damage.
You hit the jelly. The acid corrodes you!
Your hands burn!
The jelly is heavily wounded.
The jelly hits you but does no damage.
You hit the jelly but do no damage. The acid corrodes you!
Your hands burn!
The jelly is heavily wounded.
The jelly hits you but does no damage.
You hit the jelly but do no damage.
Your hands burn!
The jelly is heavily wounded.
You block the jelly's attack.
You hit the jelly but do no damage.
Your hands burn!
The jelly is heavily wounded.
The jelly hits you. The acid corrodes you!
You are splashed with acid!
The jelly hits you.
You are splashed with acid!
* * * LOW HITPOINT WARNING * * *
You are too injured to fight recklessly!
You are too injured to fight recklessly!
You are too injured to fight recklessly!
You hit the jelly but do no damage. The acid corrodes you!
Your hands burn!
* * * LOW HITPOINT WARNING * * *
The jelly is heavily wounded.
The jelly hits you.
* * * LOW HITPOINT WARNING * * *
You are splashed with acid!
You die...

#.# #.# #.# #.#
#.# .##.# #.#
...##.# #
##.##.._.##.#
#.####........#..#
#.#........#..#..#
#.(........# ####
#.#@##..##.# #
#J##<.# .# ..##..#
# .......#
........#
.......###
........
..$......#


You could see a jelly.

Vanquished Creatures
  3 gnolls (D:2)
  2 adders (D:2)
  A dart slug (D:1)
  6 endoplasms
  4 giant cockroaches (D:2)
  5 goblins
  7 hobgoblins
  4 kobolds
  A quokka (D:1)
  5 ball pythons
  4 bats
  3 frilled lizards
  7 rats
52 creatures vanquished.

Notes
Turn   | Place    | Note
-------+----------+-------------------------------------------
     0 | D:1      | siradein the Hill Orc Monk began the quest for the Orb.
     0 | D:1      | Reached XP level 1. HP: 19/19 MP: 1/1
   263 | D:1      | Reached XP level 2. HP: 27/27 MP: 2/2
   294 | D:1      | Reached skill level 4 in Fighting
   474 | D:1      | Got Sif Muna's Omnibus of Frostbite and Venin
   477 | D:1      | Found a faded altar of an unknown god.
   751 | D:1      | Reached XP level 3. HP: 16/34 MP: 3/3
  1490 | D:2      | Reached XP level 4. HP: 21/41 MP: 4/4
  2033 | D:2      | Reached skill level 5 in Fighting
  2558 | D:3      | Found Wieneenk's General Store.
  2566 | D:3      | Bought a scroll of identify for 22 gold pieces
  2568 | D:3      | Bought a scroll of teleportation for 33 gold pieces
  2662 | D:3      | Found a stormy altar of Qazlal.
  2672 | D:3      | HP: 2/42 [jelly (1)]
  2672 | D:3      | Splashed by a jelly's acid

Illustrated notes

Levels and vault maps discovered:
D:1:      zaba_arrival_water, layout_loops_ring,
          hellmonk_ecumenical_altar_slurped_away, lemuel_old_faithful
D:2:      layout_loops_corners
D:3:      layout_loops_ring, general_overflow_altar,
          mainiacjoe_overflow_alcove_4, mainiacjoe_overflow_alcove_1,
          serial_shops, nicolae_shop_hallway_plus, gammafunk_ghost_necromancy

Skill      XL: |  1  2  3  4 |
---------------+-------------+-----
Fighting       | 4 5 |  5.1
Polearms       | 4 |  4.6
Armour         | |  0.7
Dodging        | |  2.4
Stealth        | |  1.5
Shields        | |  0.6

Action                   |  1- 3 |  4- 6 || total
-------------------------+-------+-------++-------
Melee: Spear             |   112 |   104 ||   216
  Use: Scroll            |       |     2 ||     2
 Stab: Sleeping          |     8 |     1 ||     9
       Distracted        |     1 |       ||     1
Armor: Robe              |    14 |    16 ||    30
       Scale mail        |       |    25 ||    25
Dodge: Dodged            |    32 |    17 ||    49
Block: Tower shield      |    50 |    54 ||   104

Table legend: (Time is in decaauts)
 A = Elapsed time spent in this place.
 B = Non-inter-level travel time spent in this place.
 C = Inter-level travel time spent in this place.
 D = Time resting spent in this place.
 E = Time spent auto-exploring this place.
 F = Levels seen in this place.
 G = Mean time per level.
                   A        B        C        D        E       F      G
               +--------+--------+--------+--------+--------+-----+--------+
         Total |   2746 |   2645 |    101 |      0 |   2135 |   3 |  915.3 |
       Dungeon |   2746 |   2645 |    101 |      0 |   2135 |   3 |  915.3 |
               +--------+--------+--------+--------+--------+-----+--------+

Top non-repeatable levels by time:
     D:1: 1242 daAuts
     D:2: 1241 daAuts
     D:3: 262 daAuts
